 Dungeon Crawl Stone Soup version 0.30-a0-793-g160f7cfddd (webtiles) character file.

Game seed: 8551153826611619499

8523 Esekla the Carver (level 11, -5/74 HPs)
             Began as an Octopode Delver on Feb 20, 2023.
             Was an Initiate of Gozag.
             Slain by a cane toad (15 damage)
             ... on level 1 of the Lair of Beasts.
             The game lasted 02:28:36 (15615 turns).

Esekla the Carver (Octopode Delver)                Turns: 15615, Time: 02:28:36

Health: -5/74      AC: 12    Str: 10    XL:     11   Next: 32%
Magic:  19/19      EV: 16    Int: 15    God:    Gozag
Gold:   594        SH:  0    Dex: 19    Spells: 12/21 levels left

rFire   . . .      SeeInvis .    g - +1 scimitar (protect)
rCold   . . .      Faith    .    (no shield)
rNeg    . . .      Spirit   .    (helmet restricted)
rPois   .          Reflect  .    n - amulet of magic regeneration
rElec   .          Harm     .    A - +4 ring of protection
rCorr   .          Rampage  .    d - ring of wizardry
Will    .....      Rage     3%   (no ring)
Stlth   ++++++                   (no ring)
HPRegen 0.32/turn                (no ring)
MPRegen 0.56/turn                (no ring)
                                 (no ring)
                                 (no ring)

@: wereblooded, gold aura, under a protective aura
A: almost no armour, amphibious, 8 rings, camouflage 2, gelatinous body 1,
(nimble swimmer 1), tentacles, agile 1, berserk 1
a: Renounce Religion, Potion Petition, Call Merchant, Bribe Branch


You were on level 1 of the Lair of Beasts.
You worshipped Gozag.
Gozag was pleased with you.
You visited 3 branches of the dungeon, and saw 13 of its levels.
You also visited: Ossuary.

You collected 2474 gold pieces.
You spent 571 gold pieces at shops.
You paid 1309 gold pieces to Gozag.

Inventory:

Hand Weapons
 a - a +3 long sword of freezing
 c - the +0 falchion "Sankihea" {vamp, Will+ Str+3 Int+2}
   (You found it on level 5 of the Dungeon)

   Str:       It affects your strength (+3).
   Int:       It affects your intelligence (+2).
   Will:      It increases your willpower.
 g - a +1 scimitar of protection (weapon)
 r - a +2 trident of flaming
 s - a +4 dagger
 v - a +2 dagger of venom
 w - a +1 dagger of holy wrath
Missiles
 h - 10 poisoned darts
 k - 3 boomerangs (quivered)
 F - 2 throwing nets
 O - 6 curare-tipped darts
Jewellery
 d - a ring of wizardry (right tentacle)
 n - an amulet of magic regeneration (around mantle)
 A - a +4 ring of protection (left tentacle)
Wands
 f - a wand of digging (3)
 B - a wand of flame (23)
 M - a wand of roots (2)
 N - a wand of polymorph (6)
Scrolls
 b - 4 scrolls of fog
 e - 4 scrolls of teleportation
 i - 5 scrolls of immolation {unknown}
 o - 2 scrolls of blinking {unknown}
 q - a scroll of magic mapping
 y - 2 scrolls of poison {unknown}
 z - 3 scrolls of butterflies {unknown}
 C - 5 scrolls of enchant armour
 E - 4 scrolls of enchant weapon {unknown}
 I - 2 scrolls of brand weapon
Potions
 j - 2 potions of attraction {unknown}
 l - 3 potions of brilliance
 m - 3 potions of magic
 p - 2 potions of berserk rage {unknown}
 t - 5 potions of lignification
 u - 7 potions of curing
 x - a potion of resistance
 D - 2 potions of heal wounds
 G - a potion of invisibility
 H - 2 potions of haste
 J - 3 potions of flight


   Skills:
 * Level 6.8 Fighting
 + Level 2.3(6.5) Short Blades
 * Level 9.6(9.7) Long Blades
 + Level 3.9 Throwing
 * Level 6.0 Dodging
 - Level 7.1 Stealth
 * Level 5.7 Spellcasting
 * Level 2.5 Conjurations
 * Level 6.0 Necromancy
 + Level 3.5 Transmutations
 * Level 3.0 Fire Magic
 + Level 1.0 Evocations


You had 12 spell levels left.
You knew the following spells:

 Your Spells              Type           Power      Damage    Failure   Level
d - Vampiric Draining     Necr           22%        2d7       1%          3
w - Wereblood             Tmut           14%        N/A       2%          2
y - Sticky Flame          Conj/Fire      12%        2d4       19%         4

Your spell library contained the following spells:

 Spells                   Type           Power      Damage    Failure   Level
 Necrotise                Necr           88%        1d8       1%          1
 Sublimation of Blood     Necr           22%        N/A       1%          2
 Slow                     Hex            16%        N/A       6%          1
 Ignite Poison            Fire/Tmut/Pois 10%        N/A       8%          3
 Agony                    Necr           22%        N/A       14%         5
 Confusing Touch          Hex            4%         N/A       17%         3
 Tukima's Dance           Hex            4%         N/A       17%         3
 Petrify                  Tmut/Erth      9%         N/A       28%         4
 Irradiate                Conj/Tmut      6%         3d13      43%         5
 Passage of Golubria      Tloc           4%         N/A       50%         4
 Yara's Violent Unravell  Hex/Tmut       4%         3d4       58%         5
 Summon Forest            Summ/Tloc      2%         N/A       82%         5
 Eringya's Noxious Bog    Tmut/Pois      4%         N/A       98%         6
 Summon Hydra             Summ           2%         N/A       100%        7
 Ignition                 Fire           6%         3d4       100%        8


Dungeon Overview and Level Annotations

Branches:
Dungeon (11/15)            Temple (1/1) D:5            Lair (1/5) D:11
    Orc (0/2) D:9         Ossuary (visited)

Altars:
Ashenzari
Cheibriados
Dithmenos
Elyvilon
Fedhas
Gozag
Hepliaklqana
Kikubaaqudgha
Makhleb
Okawaru
Qazlal
Sif Muna
Trog
Vehumet
Wu Jian
Xom
Yredelemnul
The Shining One

Shops:
D:2 !   D:5 =   D:6 ?   D:11 :


Innate Abilities, Weirdness & Mutations

You cannot wear most types of armour.
You are amphibious.
You can wear up to eight rings at the same time.
Your skin blends seamlessly with your surroundings (Stealth++).
Your rubbery body absorbs attacks. (AC +1, EV +1)
((You are camouflaged when in or above water. (Stealth+)))
You have tentacles for arms and can constrict up to eight enemies at once.
You are agile. (Dex +4, Str/Int -1)
You sometimes lose your temper in combat.


Message History

The wolf howls!
You grab the iguana. You squeeze the iguana!
The iguana is heavily wounded.
You constrict the iguana, but do no damage.
You constrict the cane toad. The wolf completely misses you.
The cane toad misses you. The iguana barely misses you.
You hit the iguana. You freeze the iguana.
The iguana is severely wounded.
You constrict the iguana. You constrict the cane toad.
The cane toad is no longer moving slowly.
A wolf comes into view.
The wolf bites you. The cane toad closely misses you. The iguana misses you.
The wolf howls!
You hit the wolf. You freeze the wolf. You grab the wolf.
The wolf is moderately wounded.
You constrict the iguana. You constrict the wolf. You constrict the cane toad.
The wolf barely misses you.
The wolf struggles to escape constriction.
The cane toad stings you!!
* * * LOW HITPOINT WARNING * * *
The iguana completely misses you.
Your +3 long sword of freezing stops glowing.
Your +1 scimitar of protection hums with potential!
g - a +1 scimitar of protection (weapon)
You constrict the iguana.
You feel a bit better.
You kill the iguana!
You constrict the wolf. You constrict the cane toad. The wolf misses you.
You hit the cane toad.
Your weapon exudes an aura of protection.
You squeeze the cane toad, but do no damage.
The cane toad is severely wounded.
You constrict the wolf, but do no damage.
You constrict the cane toad, but do no damage.
The cane toad barely misses you. The wolf bites you.
* * * LOW HITPOINT WARNING * * *
The wolf bites you!
* * * LOW HITPOINT WARNING * * *
The wolf closely misses you. The cane toad stings you!
You die...
Your body crumbles into a pile of gold.

####..........##
##..........#
##..........##
##P..........#
##...........##
#...........##
#............#
#.............#
|........@...##
........Fhh..#
..#..........#
...#..#h....##
...##.....## ..
#...... .......
#........


You could see a cane toad and 3 wolves.

Vanquished Creatures
  Joseph (D:8)
  A cane toad (Lair:1)
  2 kobold demonologists
  3 trolls (D:10)
  2 hornets
  Sigmund (D:5)
  2 wraiths
  A wyvern (D:10)
  A yak (D:10)
  2 fire bats (D:5)
  A basilisk (Lair:1)
  A steam dragon (D:8)
  4 vampire mosquitoes (D:11)
  Menkaure (D:4)
  An acid dragon (D:9)
  4 water moccasins
  3 ice beasts
  2 sky beasts
  4 orc warriors
  2 ogres
  A centaur (D:9)
  5 phantoms
  6 bullfrogs
  2 necrophages
  3 scorpions
  8 wights
  2 killer bees (D:10)
  7 howler monkeys
  5 orc priests
  A jelly (D:6)
  2 gnoll boudas
  5 hounds
  An iron imp (D:8)
  6 iguanas
  Crazy Yiuf (D:4)
  4 orc wizards
  A mummy (Ossuary)
  15 gnolls
  6 adders
  3 ufetubi
  A worm (D:5)
  4 dart slugs
  47 orcs
  2 ball pythons (D:1)
  8 endoplasms
  3 giant cockroaches
  6 goblins
  13 hobgoblins
  10 jackals
  9 kobolds
  2 quokkas
  5 bats
  3 frilled lizards
  6 gnoll skeletons (Ossuary)
  9 kobold skeletons (Ossuary)
  10 orc skeletons (Ossuary)
  4 rats
265 creatures vanquished.

Vanquished Creatures (others)
  A fungus (D:4)
1 creature vanquished.

Grand Total: 266 creatures vanquished

Notes
Turn   | Place    | Note
-------+----------+-------------------------------------------
     0 | D:5      | Esekla the Octopode Delver began the quest for the Orb.
     0 | D:5      | Reached XP level 1. HP: 16/16 MP: 1/1
    19 | D:5      | Noticed a hound
    19 | D:5      | Noticed a phantom
    26 | D:5      | Killed a hound
    27 | D:5      | Reached XP level 2. HP: 21/21 MP: 2/2
    27 | D:5      | Reached XP level 3. HP: 26/26 MP: 3/3
    31 | D:5      | Found a staircase to the Ecumenical Temple.
    44 | Temple   | Entered the Ecumenical Temple
   187 | Temple   | Became a worshipper of Gozag Ym Sagoz the Greedy
   394 | D:4      | Noticed Menkaure
   810 | D:3      | Reached XP level 4. HP: 31/31 MP: 5/5
   824 | D:3      | Found a stormy altar of Qazlal.
   915 | D:2      | Found a stormy altar of Qazlal.
   994 | D:2      | Found Dosm's Distillery.
  1042 | D:2      | Reached skill level 1 in Spellcasting
  1295 | D:2      | Reached skill level 1 in Necromancy
  1451 | D:2      | Reached skill level 3 in Long Blades
  1451 | D:2      | Reached XP level 5. HP: 32/36 MP: 4/6
  1973 | D:1      | Found a faded altar of an unknown god.
  2037 | D:1      | Learned a level 3 spell: Vampiric Draining
  3193 | D:4      | Noticed an ogre
  3381 | D:4      | Learned a level 2 spell: Wereblood
  3514 | D:4      | Killed Menkaure
  3515 | D:4      | Reached skill level 4 in Long Blades
  3515 | D:4      | Reached XP level 6. HP: 43/43 MP: 8/8
  3515 | D:4      | Gained mutation: You are vulnerable to cold. (rC-) [potion
                  | of mutation]
  3515 | D:4      | Gained mutation: You have supernaturally acute eyesight.
                  | (SInv) [potion of mutation]
  3561 | D:4      | Reached skill level 1 in Transmutations
  3901 | D:4      | Found a runed translucent door.
  3902 | D:4      | Noticed Crazy Yiuf
  3967 | D:5      | Noticed an ice beast
  4021 | D:5      | Noticed Sigmund
  4025 | D:5      | Killed Sigmund
  4026 | D:5      | Reached skill level 1 in Short Blades
  4026 | D:5      | Reached skill level 1 in Throwing
  4026 | D:5      | Reached XP level 7. HP: 48/48 MP: 8/10
  4079 | D:5      | Found a transporter.
  4081 | D:5      | Noticed a fire bat
  4082 | D:5      | Noticed a fire bat
  4124 | D:5      | Noticed a kobold demonologist
  4125 | D:5      | Noticed a ynoxinul
  4133 | D:5      | Noticed a sun demon
  4834 | D:6      | Reached skill level 5 in Long Blades
  4838 | D:6      | Reached XP level 8. HP: 21/54 MP: 2/11
  4917 | D:6      | Found a sand-covered staircase.
  4949 | Ossuary  | Entered an ossuary
  4949 | Ossuary  | Noticed a wraith
  4949 | Ossuary  | Noticed a wraith
  4949 | Ossuary  | Noticed a wraith
  5337 | Ossuary  | Noticed a wraith
  5756 | D:6      | Found Zibicumo's Magic Scroll Shoppe.
  6004 | D:5      | Lost mutation: You are vulnerable to cold. (rC-) [potion of
                  | mutation]
  6004 | D:5      | Lost mutation: You have supernaturally acute eyesight.
                  | (SInv) [potion of mutation]
  6004 | D:5      | Gained mutation: You are vulnerable to heat. (rF-) [potion
                  | of mutation]
  6004 | D:5      | Gained mutation: You occasionally lose the ability to drink
                  | potions when taking damage. [potion of mutation]
  6004 | D:5      | Gained mutation: You have an increased reservoir of magic.
                  | (+10% MP) [potion of mutation]
  6004 | D:5      | Gained mutation: Your system is resistant to poisons.
                  | (rPois) [potion of mutation]
  6143 | D:6      | Reached skill level 6 in Long Blades
  6267 | D:6      | Bought a scroll of identify for 20 gold pieces
  6267 | D:6      | Bought a scroll of identify for 20 gold pieces
  6562 | D:5      | Killed a kobold demonologist
  6563 | D:5      | Reached skill level 5 in Fighting
  6563 | D:5      | Reached skill level 7 in Long Blades
  6563 | D:5      | Reached XP level 9. HP: 41/61 MP: 11/14
  6923 | D:5      | Bought an amulet of magic regeneration for 300 gold pieces
  7231 | D:5      | Found a transporter.
  7499 | D:2      | Bought a potion of heal wounds for 55 gold pieces
  8717 | D:8      | Noticed a hornet
  8733 | D:8      | Killed a hornet
  8734 | D:8      | Reached skill level 8 in Long Blades
  8964 | D:8      | Identified the +7 short sword of Gasyps {flame, *Slow rF+
                  | rC+ rN++ rCorr}
  9232 | D:7      | Reached skill level 1 in Evocations
  9398 | D:7      | Reached XP level 10. HP: 68/68 MP: 17/17
  9440 | D:8      | Noticed Joseph
  9783 | D:8      | Found a snail-covered altar of Cheibriados.
  9845 | D:8      | Killed Joseph
  9846 | D:8      | Reached skill level 5 in Dodging
 10257 | D:9      | Reached skill level 1 in Fire Magic
 10435 | D:2      | Bought a potion of mutation for 88 gold pieces
 10435 | D:2      | Bought a potion of invisibility for 88 gold pieces
 10435 | D:2      | Lost mutation: You occasionally lose the ability to drink
                  | potions when taking damage. [potion of mutation]
 10435 | D:2      | Lost mutation: Your system is resistant to poisons. (rPois)
                  | [potion of mutation]
 10435 | D:2      | Lost mutation: You have an increased reservoir of magic.
                  | (+10% MP) [potion of mutation]
 10435 | D:2      | Gained mutation: You sometimes lose your temper in combat.
                  | [potion of mutation]
 10435 | D:2      | Gained mutation: You have an increased reservoir of magic.
                  | (+10% MP) [potion of mutation]
 10435 | D:2      | Gained mutation: You expend magic power (3 MP) to
                  | strengthen your wands. [potion of mutation]
 10435 | D:2      | Gained mutation: You are agile. (Dex +4, Str/Int -1)
                  | [potion of mutation]
 10845 | D:9      | Reached skill level 5 in Necromancy
 11070 | D:9      | Found a staircase to the Orcish Mines.
 11098 | D:9      | Reached skill level 1 in Conjurations
 11270 | D:9      | Noticed a two-headed ogre
 11954 | D:10     | Entered Level 10 of the Dungeon
 12071 | D:10     | Reached skill level 9 in Long Blades
 12071 | D:10     | Paralysed by a hornet for 1 turns
 12534 | D:10     | Identified the +4 spear "Leroamank" {protect, *Slow rC+
                  | Stlth+}
 12534 | D:10     | Noticed a kobold demonologist
 12544 | D:10     | Killed a kobold demonologist
 12545 | D:10     | Reached skill level 5 in Spellcasting
 12545 | D:10     | Reached XP level 11. HP: 67/74 MP: 15/20
 13206 | D:11     | Found a staircase to the Lair.
 13253 | D:11     | Learned a level 4 spell: Sticky Flame
 13655 | D:11     | Lost mutation: You are vulnerable to heat. (rF-) [potion of
                  | mutation]
 13655 | D:11     | Lost mutation: You expend magic power (3 MP) to strengthen
                  | your wands. [potion of mutation]
 13655 | D:11     | Lost mutation: You have an increased reservoir of magic.
                  | (+10% MP) [potion of mutation]
 13655 | D:11     | Gained mutation: Your skin blends seamlessly with your
                  | surroundings (Stealth++). [potion of mutation]
 13981 | D:4      | Killed Crazy Yiuf
 14498 | D:5      | Identified the +0 falchion "Sankihea" {vamp, Will+ Str+3
                  | Int+2}
 14869 | Lair:1   | Entered Level 1 of the Lair of Beasts
 15615 | Lair:1   | Slain by a cane toad

Illustrated notes

Levels and vault maps discovered:
D:1:      minmay_arrival_diagonal_passages, layout_basic,
          chequers_ecumenical_altar_simple
D:2:      layout_basic, basic_altar, serial_shops, shop_fountains
D:3:      layout_basic, nicolae_qazlal_scattered_showers, bh_walls_and_bars
D:4:      layout_basic, nicolae_elevator_lobby_asterisk, uniq_menkaure,
          uniq_crazy_yiuf_cottage
D:5:      gammafunk_cloud_chamber, layout_cave_pods, minmay_temple_entry_arrows,
          uniq_sigmund
D:6:      layout_cave_pools, serial_shops, shop,
          lightli_ossuary_entry_decrepit_ruins
D:7:      layout_basic
D:8:      layout_basic, slow_altar_2, uniq_joseph
D:9:      layout_basic, hiddenorc2_lemuel, minmay_misc_feat_chi, st_stairs_1
D:10:     layout_long_grid, minmay_joined_circles
D:11:     layout_cave_pools, lair_entry_dummy
Temple:   nicolae_temple_slightly_damp_pantheon
Lair:1:   beast_lair_carwin_large_4, layout_hall_layers

Skill      XL: |  1  2  3  4  5  6  7  8  9 10 11 |
---------------+----------------------------------+-----
Stealth        | 7 |  7.1
Spellcasting   | 1 2 3 4 5 |  5.7
Necromancy     | 1 2 3 4 5 6 |  6.0
Long Blades    | 3 4 5 7 8 9 |  9.6
Dodging        | 3 4 5 6 |  6.0
Transmutations | 1 3 |  3.5
Fighting       | 4 5 6 |  6.8
Short Blades   | 1 2 |  2.3
Throwing       | 1 2 3 |  3.9
Evocations     | 1 |  1.0
Fire Magic     | 2 3 |  3.0
Conjurations   | 2 |  2.5

Action                     |  1- 3 |  4- 6 |  7- 9 | 10-12 || total
---------------------------+-------+-------+-------+-------++-------
  Melee: Falchion          |    32 |    40 |       |       ||    72
         Constrict         |     8 |    20 |    45 |    47 ||   120
         Tentacles         |     4 |    19 |    42 |    44 ||   109
         Dagger            |     1 |    44 |    28 |    32 ||   105
         Punch             |     1 |       |     2 |     6 ||     9
         Long sword        |       |    15 |   187 |   141 ||   343
         Scimitar          |       |       |       |    46 ||    46
  Throw: Dart              |       |    17 |    39 |    50 ||   106
         Boomerang         |       |       |    10 |    20 ||    30
         Throwing net      |       |       |     2 |       ||     2
   Cast: Vampiric Draining |       |       |    13 |    19 ||    32
         Wereblood         |       |       |     1 |     3 ||     4
 Invoke: Call Merchant     |       |       |     1 |     1 ||     2
  Evoke: Wand              |       |       |    15 |     1 ||    16
    Use: Scroll            |     1 |       |    14 |     7 ||    22
         Potion            |     1 |     2 |     1 |     5 ||     9
   Stab: Sleeping          |     1 |    28 |    17 |     6 ||    52
         Distracted        |       |     1 |       |     2 ||     3
 Armour: Skin              |     2 |     4 |     8 |    41 ||    55
  Dodge: Dodged            |    18 |    50 |   124 |   177 ||   369

Table legend: (Time is in decaauts)
 A = Elapsed time spent in this place.
 B = Non-inter-level travel time spent in this place.
 C = Inter-level travel time spent in this place.
 D = Time resting spent in this place.
 E = Time spent auto-exploring this place.
 F = Levels seen in this place.
 G = Mean time per level.
                   A        B        C        D        E       F      G
               +--------+--------+--------+--------+--------+-----+--------+
         Total |  15637 |  14334 |   1303 |   3448 |   3542 |  14 | 1116.9 |
       Dungeon |  14244 |  12961 |   1283 |   3061 |   3330 |  11 | 1294.9 |
        Temple |    162 |    143 |     19 |      0 |    119 |   1 |  162.0 |
          Lair |    579 |    579 |      0 |    217 |     93 |   1 |  579.0 |
       Ossuary |    650 |    650 |      0 |    170 |      0 |   1 |  650.0 |
               +--------+--------+--------+--------+--------+-----+--------+

Top non-repeatable levels by time:
     D:5: 2815 daAuts
     D:7: 1618 daAuts
     D:4: 1603 daAuts
     D:9: 1566 daAuts
    D:10: 1137 daAuts
     D:2: 1116 daAuts
     D:8: 1082 daAuts
     D:3: 904 daAuts
     D:6: 872 daAuts
    D:11: 848 daAuts
     D:1: 678 daAuts
 Ossuary: 650 daAuts
  Lair:1: 579 daAuts
  Temple: 162 daAuts
